 Dungeon Crawl Stone Soup version 0.28-b1-70-g80dc712255 (webtiles) character file.

Game seed: 11343927513094238007

36 adizb the Chopper (level 3, -1/33 HPs)
             Began as a Deep Dwarf Berserker on Feb 3, 2022.
             Was a Believer of Trog.
             Slain by a goblin (4 damage)
             ... led by Robin
             ... on level 2 of the Dungeon.
             The game lasted 00:04:45 (847 turns).

adizb the Chopper (Deep Dwarf Berserker)             Turns: 847, Time: 00:04:45

Health: -1/33      AC:  2    Str: 22    XL:     3   Next: 19%
Magic:  3/3        EV: 12    Int:  7    God:    Trog [**....]
Gold:   36         SH:  0    Dex: 12    Spells: 2/2 levels left

rFire   + . .      SeeInvis .   a - +0 hand axe
rCold   x . .      Faith    .   (no shield)
rNeg    . . .      Spirit   .   b - +0 animal skin
rPois   .          Reflect  .   (no helmet)
rElec   .          Harm     .   (no cloak)
rCorr   .          Rampage  .   (no gloves)
Will    .....                   (no boots)
Stlth   +.........              (no amulet)
HPRegen 0.00/turn               j - ring of fire
MPRegen 0.08/turn               (no ring)

@: on berserk cooldown, flying, slowed, very slow
A: damage resistance, heal wounds, sense surroundings 1, no regeneration
a: Heal Wounds, Renounce Religion, Berserk, Trog's Hand


You were on level 2 of the Dungeon.
You worshipped Trog.
Trog was pleased with you.
You visited 1 branch of the dungeon, and saw 2 of its levels.

You collected 36 gold pieces.

Inventory:

Hand Weapons
 a - a +0 hand axe (weapon)
 i - a +4 spear
Armour
 b - a +0 animal skin (worn)
Jewellery
 j - a ring of fire (left hand)
Scrolls
 c - 2 scrolls of enchant armour {unknown}
 g - a scroll of torment {unknown}
Potions
 d - a potion of curing {unknown}
 f - a potion of attraction {unknown}
 h - a potion of might {unknown}


   Skills:
 + Level 2.9 Fighting
 * Level 3.8 Axes
 + Level 2.6 Armour
 + Level 2.5 Dodging
 + Level 1.0 Shields


You had 2 spell levels left.
You didn't know any spells.
Your spell library was empty.

Dungeon Overview and Level Annotations

Branches:
Dungeon (2/15)

Altars:

Annotations:
D:2 Robin


Innate Abilities, Weirdness & Mutations

You are resistant to damage.
You can heal yourself by infusing magical energy.
You passively map a small area around you.
You do not regenerate.


Message History

You barely miss the goblin. The goblin hits you with a +0 club.
Robin throws the goblin at you!
You closely miss the goblin. You slash the goblin!
You kill the goblin!
Trog accepts your kill. The goblin hits you with a +0 club.
You barely miss the goblin. You slash the goblin!
You kill the goblin!
Trog accepts your kill.
You slash the goblin!
You kill the goblin!
Trog accepts your kill.
You can now call upon Trog for regeneration and willpower.
The goblin no longer looks unusually strong.
You closely miss the jackal.
Robin roars a battlecry!
The goblin goes into a battle-frenzy!
The jackal bites you.
You hit the jackal.
You kill the jackal!
Trog accepts your kill.
You hit the giant cockroach.
You kill the giant cockroach!
Trog accepts your kill.
Robin says, "Kneel, worm!"
Robin hits you from afar with a +5 spear.
Items here: ))))) †.
You feel a strong urge to attack something.
You are no longer berserk.
You are exhausted.
You feel yourself slow down.
You hit Robin.
Robin is lightly wounded.
Robin hits you with a +5 spear! x2
* * * LOW HITPOINT WARNING * * *
It was a potion of flight.
You feel very buoyant.
You fly up into the air.
Robin throws the goblin at you! The goblin hits you with a +0 club.
You die...

, , #....# ,
#....# , * *
, ....# * *
....##* ,* *
#.... ,
#.#.# ###
#)#)###.....
,
#).g@g.h....
*
#.#)###.##..
###.#.# *,**
* #...#.# ,
, #.#.#.# **
, #.#.#.# *
, #.#.#.# *
#.....# * *
###.### ,


You could see Robin, a jackal and a goblin (strong).

Vanquished Creatures
  2 dart slugs (D:1)
  2 ball pythons (D:1)
  A bat (D:1)
  2 endoplasms
  A giant cockroach (D:2)
  3 hobgoblins (D:1)
  A jackal (D:2)
  A kobold (D:1)
  11 goblins
  2 rats (D:1)
  A spectral kobold (D:1)
27 creatures vanquished.

Notes
Turn   | Place    | Note
-------+----------+-------------------------------------------
     0 | D:1      | adizb the Deep Dwarf Berserker began the quest for the Orb.
     0 | D:1      | Reached XP level 1. HP: 20/20 MP: 1/1
   435 | D:1      | Reached XP level 2. HP: 21/27 MP: 2/2
   489 | D:1      | Found a faded altar of an unknown god.
   825 | D:2      | Noticed Robin
   835 | D:2      | Reached skill level 1 in Shields
   836 | D:2      | Reached XP level 3. HP: 31/33 MP: 3/3
   840 | D:2      | Reached ** piety under Trog
   847 | D:2      | Slain by a goblin

Illustrated notes

Levels and vault maps discovered:
D:1:      shiori_shiawase, layout_basic,
          dreamdust_ecumenical_altar_drowned_temple, minmay_pentomino_u4
D:2:      layout_basic, uniq_robin, uniq_natasha

Skill      XL: |  1  2 |
---------------+-------+-----
Shields        | 1 |  1.0
Fighting       | |  2.9
Axes           | |  3.8
Armour         | |  2.6
Dodging        | |  2.5

Action                   || total
-------------------------++-------
Melee: Hand axe          ||    59
       Punch             ||     1
Invok: Berserk           ||     1
  Use: Potion            ||     1
Armor: Animal skin       ||    12
Dodge: Dodged            ||    25
